 Dungeon Crawl Stone Soup version 0.19.0-2-gae57169 (webtiles) character file.

216 dobroeutro the Cudgeler (level 5, 0/34 HPs)
             Began as a Gargoyle Fighter on Nov 5, 2016.
             Slain by a mottled dragon (4 damage)
             ... on level 3 of the Dungeon.
             The game lasted 00:03:50 (1674 turns).

dobroeutro the Cudgeler (Gargoyle Fighter)          Turns: 1674, Time: 00:03:51

Health: 0/34       AC: 14    Str: 22    XL:     5   Next: 93%
Magic:  5/5        EV:  7    Int:  9    God:
Gold:   108        SH:  9    Dex:  9    Spells: 0 memorised, 4 levels left

rFire  . . .     SeeInvis .     a - +0 flail
rCold  . . .     Gourm    .     b - +0 scale mail
rNeg   + . .     Faith    .     c - +0 shield
rPois  ∞         Spirit   .     (no helmet)
rElec  +         Reflect  .     s - +1 cloak {+Inv}
rCorr  .         Harm     .     (no gloves)
MR     .....                    h - +0 pair of boots
Stlth  ..........               (no amulet)
                                u - ring of flight
                                p - +2 ring of strength

@: liquid flames, glowing
A: negative energy resistance 1, electricity resistance, unbreathing,
petrification resistance, rot immunity, AC +4
a: Evoke Invisibility, Evoke Flight


You were on level 3 of the Dungeon.
You were not hungry.

You visited 1 branch of the dungeon, and saw 3 of its levels.

You collected 108 gold pieces.

Inventory:

Hand Weapons
 a - a +0 flail (weapon)
Armour
 b - a +0 scale mail (worn)
 c - a +0 shield (worn)
 h - a +0 pair of boots (worn)
 s - a +1 cloak of invisibility (worn)
Jewellery
 p - a +2 ring of strength (left hand)
 u - a ring of flight (right hand)
Wands
 q - a wand of polymorph (15/24)
 x - a wand of acid (0/15)
Scrolls
 j - 2 scrolls of identify {unknown}
 k - a scroll of recharging {unknown}
 r - a scroll of fear {unknown}
Potions
 d - a potion of might
 m - a potion of magic
 t - a potion of haste
 v - a potion of beneficial mutation {unknown}
Comestibles
 f - 2 bread rations
 i - 4 fruits
 l - a meat ration
 w - 3 chunks of flesh


   Skills:
 + Level 4.9 Fighting
 * Level 4.9 Maces & Flails
 - Level 3.2 Armour
 - Level 3.2 Shields


You had 4 spell levels left.
You didn't know any spells.

Dungeon Overview and Level Annotations

Branches:
Dungeon (3/15)

Altars:
Elyvilon
Ru
Trog
Yredelemnul


Innate Abilities, Weirdness & Mutations

You are resistant to torment.
Your stone body is resilient. (AC +4)
You are immune to poison.
You resist negative energy. (rN+)
You are resistant to electric shocks. (rElec)
You can survive without breathing.
You are immune to petrification.
You are immune to rotting.


Message History

* * * LOW HITPOINT WARNING * * *
The mottled dragon claws you but does no damage.
You hit the mottled dragon.
The mottled dragon is heavily wounded.
The mottled dragon breathes sticky fire at you.
The sticky flame hits you!
You are covered in liquid flames!
* * * LOW HITPOINT WARNING * * *
Unknown command.
It was a potion of cancellation.
Your magical effects are unravelling.
You feel magically purged.
You are covered in liquid flames!
* * * LOW HITPOINT WARNING * * *
You feel less woody.
Your +1 cloak of invisibility unmelds from your body.
Your +0 pair of boots unmelds from your body.
Your +0 scale mail unmelds from your body.
You become transparent for a moment.
The mottled dragon bites you.
You die...

#'#.....## #####.#####..###
##.........##...#
#.(#######..###.#
..###_._###.._#.#
#..##...##..###.#
##.........##...#
####...####.####################
##_###...>.D@................
### #...(###################
#...(# ###### #...D# #.)...#
#..).########.....#
#..))†)))...#...[.#
####..)...........#
#########.......(......####
#..........................


You could see a mottled dragon.

Vanquished Creatures
  An orc priest (D:3)
  Ijyb (D:2)
  Terence (D:2)
  5 adders
  An ooze (D:3)
  A worm (D:2)
  A dart slug (D:1)
  A leopard gecko (D:1)
  8 orcs (D:3)
  3 bats
  5 giant cockroaches
  14 goblins
  7 hobgoblins
  5 jackals
  2 ball pythons
  3 frilled lizards
  6 kobolds
  5 rats
70 creatures vanquished.

Notes
Turn   | Place    | Note
-------+----------+-------------------------------------------
     0 | D:1      | dobroeutro the Gargoyle Fighter began the quest for the Orb.
     0 | D:1      | Reached XP level 1. HP: 14/14 MP: 1/1
    54 | D:1      | Reached XP level 2. HP: 16/19 MP: 2/2
   311 | D:1      | Reached XP level 3. HP: 22/24 MP: 3/3
   541 | D:2      | Found a faded altar of an unknown god.
   568 | D:2      | Found a basalt altar of Yredelemnul.
   585 | D:2      | Noticed Ijyb
   608 | D:2      | Killed Ijyb
   608 | D:2      | Reached XP level 4. HP: 29/29 MP: 4/4
   652 | D:2      | Noticed Terence
   663 | D:2      | Killed Terence
   816 | D:2      | Reached XP level 5. HP: 34/34 MP: 5/5
   838 | D:2      | Found a sacrificial altar of Ru.
  1454 | D:3      | Found a bloodstained altar of Trog.
  1509 | D:3      | Found a faded altar of an unknown god.
  1509 | D:3      | Found a faded altar of an unknown god.
  1515 | D:3      | Found a faded altar of an unknown god.
  1517 | D:3      | Found a faded altar of an unknown god.
  1519 | D:3      | Found a white marble altar of Elyvilon.
  1636 | D:3      | Noticed an orc warrior
  1658 | D:3      | Noticed a mottled dragon
  1658 | D:3      | an orc warrior changed into a mottled dragon
  1674 | D:3      | Slain by a mottled dragon

Skill      XL: |  1  2  3  4 |
---------------+-------------+-----
Maces & Flails | 3 4 |  4.9
Fighting       | 4 |  4.9
Armour         | |  3.2
Shields        | |  3.2

Action                   |  1- 3 |  4- 6 || total
-------------------------+-------+-------++-------
Melee: Flail             |   105 |   144 ||   249
       Unarmed           |       |     6 ||     6
Evoke: Wand              |       |     4 ||     4
  Use: Potion            |       |     5 ||     5
  Eat: Chunk             |       |     3 ||     3
Armor: Scale mail        |    72 |   110 ||   182
       Skin              |       |     6 ||     6
Dodge: Dodged            |    37 |    60 ||    97
Block: Shield            |    50 |    91 ||   141
